AoeStats
← Phill chung long

Arabia

509376317Analyzed
1v1 RM · 7d ago on Sep 26, 2026· 21m 57s· 2 players
Game mode
Random Map
Map size
Tiny (2 player)
Population
200
Speed
Normal
Resources
Standard
Victory
Conquest
Starting age
Dark Age
Ending age
Imperial Age
RankedLock teamsTeams togetherTeam positionsShared explorationLock speedFull tech treeHidden civsTurbo modeCheats
Victory
Defeat
🇹🇷 Franks · Türkiye
987
+15
🇵🇪 Tatars · Peru
956
-41
huNter
7:27 Loom
9:55 Feudal Age
11:43 Double-Bit Axe
20:57 Castle Age
19:02 Padded Archer Armor
18:53 Fletching
19:20 Gold Mining
21:48 Bodkin Arrow
Phill chung long
12:07 Feudal Age
13:26 Wheelbarrow
13:30 Town Watch
18:27 Double-Bit Axe
Connection lost

Rejoining the realm…

Still unreachable

The connection could not be restored.

Session expired

The server has moved on; the page needs a fresh start.